AoeStats
← E-d-d-i-e91G

Pilgrims

509555092Analyzed
2v2 RM · 6d ago on Sep 27, 2026· 82m 15s· 4 players
Game mode
Random Map
Map size
Medium (4 player)
Population
200
Speed
Normal
Resources
Standard
Victory
Conquest
Starting age
Dark Age
Ending age
Imperial Age
RankedLock teamsTeams togetherTeam positionsShared explorationLock speedFull tech treeHidden civsTurbo modeCheats
Victory
Defeat
🇵🇪 Vietnamese · Peru
624
+9
🇮🇹 Cumans · Italy
568
+11
🇦🇺 Celts · Australia
468
-10
🇦🇺 Slavs · Australia
447
-10
nicola.mainardi94
7:02 Loom
15:00 Feudal Age
16:02 Double-Bit Axe
20:35 Horse Collar
26:35 Castle Age
27:19 Forging
27:00 Fletching
27:17 Scale Barding Armor
27:24 Heavy Plow
27:18 Stone Mining
28:45 Medium Warships
29:45 Town Watch
30:10 Pikeman
31:45 Scale Mail Armor
31:45 Padded Archer Armor
33:48 Bloodlines
36:33 Demolition Ship
42:15 Steppe Husbandry
45:43 Imperial Age
43:50 Wheelbarrow
43:34 Bow Saw
46:09 Bodkin Arrow
46:50 Iron Casting
46:08 Elite Kipchak
48:39 Ballistics
48:15 Murder Holes
49:01 Capped Ram
52:56 Elite Skirmisher
55:40 Imperial Skirmisher
57:44 Chain Barding Armor
60:09 Elite Steppe Lancer
65:23 Onager
MAHORAGA
12:35 Feudal Age
13:09 Fishing Lines
13:35 Town Watch
13:35 Loom
15:52 Horse Collar
17:08 Man-at-Arms
20:40 Fletching
21:00 Forging
20:51 Scale Mail Armor
24:08 Gold Mining
24:10 Stone Mining
27:57 Castle Age
28:42 Long Swordsman
28:44 Pikeman
30:39 Gillnets
33:41 Squires
39:50 Imperial Age
38:13 Bodkin Arrow
38:19 Padded Archer Armor
38:34 Chain Mail Armor
39:33 Medium Warships
40:17 Wheelbarrow
39:43 Town Patrol
40:51 Elite Rattan Archer
44:16 Husbandry
44:28 Bloodlines
44:21 Double-Bit Axe
45:50 Stone Shaft Mining
45:55 Plate Mail Armor
45:30 Scale Barding Armor
45:29 Bracer
45:44 Leather Archer Armor
46:56 Bow Saw
49:20 Two-Man Saw
50:43 Ring Archer Armor
50:48 Iron Casting
51:21 Paper Money
52:16 Hand Cart
55:56 Chemistry
55:06 Masonry
54:48 Guard Tower
56:20 Heavy Plow
58:10 Cavalier
60:55 Heavy Warships
61:11 Arrowslits
62:02 Keep
61:48 Bombard Tower
61:40 Scale Barding Armor
69:18 Elite Battle Elephant
82:49 Chain Barding Armor
83:02 Coinage
82:32 Caravan
82:43 Guilds
E-d-d-i-e91G
13:32 Feudal Age
16:28 Fishing Lines
19:05 Scale Mail Armor
18:31 Man-at-Arms
21:48 Horse Collar
22:30 Double-Bit Axe
29:53 Gold Mining
29:54 Stone Mining
31:01 Town Watch
31:53 Wheelbarrow
36:31 Castle Age
37:54 Caravan
38:37 Squires
38:42 Heavy Plow
44:51 Gold Shaft Mining
44:33 Bow Saw
48:42 Imperial Age
48:56 Imperial Age
46:44 Hand Cart
46:31 Town Patrol
47:05 Fletching
47:34 Chain Mail Armor
47:26 Scale Barding Armor
47:32 Forging
48:27 Detinets
49:42 Gillnets
51:26 Crop Rotation
55:33 Ballistics
56:15 Chemistry
55:22 Siege Engineers
55:08 Guard Tower
60:45 Elite Boyar
61:49 Long Swordsman
62:56 Chain Barding Armor
63:09 Plate Mail Armor
70:59 Husbandry
74:27 Two-Man Saw
IAMASTROMAN9714
15:15 Feudal Age
16:57 Wheelbarrow
16:34 Double-Bit Axe
16:36 Fishing Lines
20:47 Scale Barding Armor
21:51 Gold Mining
24:10 Castle Age
24:02 Man-at-Arms
24:28 Horse Collar
24:50 Gillnets
26:44 Medium Warships
26:39 Long Swordsman
27:05 Gambesons
27:33 Husbandry
28:59 Light Cavalry
30:36 Pikeman
33:45 Scale Mail Armor
36:06 Chain Barding Armor
39:57 Forging
42:53 Iron Casting
42:35 Chain Mail Armor
47:44 Ballistics
47:39 Heavy Plow
48:10 Caravan
48:42 Careening
49:33 Clinker Construction
50:05 Bow Saw
50:27 Hand Cart
54:50 Imperial Age
57:14 Heavy Warships
58:10 Chemistry
58:40 Two-Handed Swordsman
61:51 Elite Skirmisher
67:12 Heavy Mounted Crossbowman
78:48 Elite Skirmisher
Connection lost

Rejoining the realm…

Still unreachable

The connection could not be restored.

Session expired

The server has moved on; the page needs a fresh start.